Workbook
Name \0: #REF!
Name \0: #REF!
Name \0: #REF!
Name \1: #REF!
Name \1: #REF!
Name \1: #REF!
Name \A: [37]A!$D$9:$D$53
Name \b: #REF!
Name \b: #REF!
Name \b: #REF!
Name \c: #REF!
Name \c: #REF!
Name \c: #REF!
Name \d: #REF!
Name \d: #REF!
Name \d: #REF!
Name \e: #REF!
Name \e: #REF!
Name \e: #REF!
Name \f: #REF!
Name \f: #REF!
Name \f: #REF!
Name \g: #REF!
Name \g: #REF!
Name \g: #REF!
Name \h: #REF!
Name \h: #REF!
Name \h: #REF!
Name \i: #REF!
Name \i: #REF!
Name \i: #REF!
Name \k: #REF!
Name \k: #REF!
Name \k: #REF!
Name \LL: #REF!
Name \LL: #REF!
Name \LL: #REF!
Name \m: '[6]APU PVC'!#REF!
Name \m: '[6]APU PVC'!#REF!
Name \m: '[6]APU PVC'!#REF!
Name \n: #REF!
Name \n: #REF!
Name \n: #REF!
Name \O: #REF!
Name \O: #REF!
Name \O: #REF!
Name \p: #REF!
Name \p: #REF!
Name \p: #REF!
Name \PP: #N/A
Name \r: '[6]APU PVC'!#REF!
Name \r: '[6]APU PVC'!#REF!
Name \r: '[6]APU PVC'!#REF!
Name \s: #REF!
Name \s: #REF!
Name \s: #REF!
Name \t: '[6]APU PVC'!#REF!
Name \t: '[6]APU PVC'!#REF!
Name \t: '[6]APU PVC'!#REF!
Name \u: #REF!

Sheet 90 m
A1: PIEZÓMETRO A 90 METROS CON DOS EQUIPOS DIVER
A2: Item | B2: Descripción | C2: Unidad | D2: Cantidad | E2: Valor Unitario | F2: Valor Total
A3: 1 | B3: COMPLETAMIENTO DEL PIEZOMETRO
A4: 1.1 | B4: Transporte de materiales | C4: Global | D4: 1 | E4: 1000000 | F4: =E4*D4 -> 1000000
A5: 1.2 | B5: Bentonita | C5: bulto | D5: 2 | E5: 130000 | F5: =E5*D5 -> 260000
A6: 1.3 | B6: Alistamiento de tubería y filtros | C6: m | D6: 90 | E6: 5000 | F6: =E6*D6 -> 450000
A7: 1.4 | B7: Suministro e instalación de tubería PVC RDE 21 de 2" | C7: m | D7: 84 | E7: 55000 | F7: =E7*D7 -> 4620000
A8: 1.5 | B8: Suministro e instalación de filtros PVC RDE 21 de 2" y Geotextil | C8: m | D8: 6 | E8: 60000 | F8: =E8*D8 -> 360000
A9: 1.6 | B9: Suministro e instalación de gravilla seleccionada (3.2 mm o ⅛") | C9: m3 | D9: 2 | E9: 230000 | F9: =E9*D9 -> 460000
A10: 1.7 | B10: Tapa y manhole | C10: unidad | D10: 1 | E10: 500000 | F10: =E10*D10 -> 500000
A11: 1.8 | B11: Cemento | C11: Bulto | D11: 3 | E11: 38000 | F11: =E11*D11 -> 114000
A12: 1.9 | B12: Construcción de sello sanitario y placa en concreto | C12: Global | D12: 1 | E12: 300000 | F12: =E12*D12 -> 300000
A13: 1.10 | B13: Equipo monitoreo | C13: Global | D13: 2 | E13: 12000000 | F13: =E13*D13 -> 24000000
A14: 1.11 | B14: Instalacion equipo | C14: Global | D14: 2 | E14: 2000000 | F14: =E14*D14 -> 4000000
A15: COSTO DIRECTO COMPLETAMIENTO DEL POZO | F15: =F4+F5+F6+F7+F8+F9+F10+F11+F12+F13+F14 -> 36064000
A16: IMPREVISTOS | E16: 0.05 | F16: =F15*E16 -> 1803200
A17: ADMINISTRACIÓN | E17: 0.1 | F17: =F15*E17 -> 3606400
A18: UTILIDADES | E18: 0.05 | F18: =F15*E18 -> 1803200
A19: TOTAL | E19: AIU | F19: =F16+F17+F18 -> 7212800
A20: TOTAL | F20: =F19+F15 -> 43276800
A21: IVA | E21: 0.19 | F21: =F18*E21 -> 342608
A22: VALOR TOTAL COMPLETAMIENTO PIEZÓMETRO | F22: =F20+F21 -> 43619408

Sheet 40 m
A1: PIEZÓMETRO A 40 M CON UN EQUIPO DIVER
A2: Item | B2: Descripción | C2: Unidad | D2: Cantidad | E2: Valor Unitario | F2: Valor Total
A3: 1 | B3: COMPLETAMIENTO DEL PIEZOMETRO
A4: 1.1 | B4: Transporte de materiales | C4: Global | D4: 1 | E4: 1000000 | F4: =E4*D4 -> 1000000
A5: 1.2 | B5: Bentonita | C5: bulto | D5: 2 | E5: 130000 | F5: =E5*D5 -> 260000
A6: 1.3 | B6: Alistamiento de tubería y filtros | C6: m | D6: 40 | E6: 5000 | F6: =D6*E6 -> 200000 | G6: 25 | H6: 75 | J6: 90
A7: 1.4 | B7: Suministro e instalación de tubería PVC RDE 21 de 2" | C7: m | D7: 37 | E7: 55000 | F7: =+E7*D7 -> 2035000
A8: 1.5 | B8: Suministro e instalación de filtros PVC RDE 21 de 2" y Geotextil | C8: m | D8: 3 | E8: 60000 | F8: =D8*E8 -> 180000
A9: 1.6 | B9: Suministro e instalación de gravilla seleccionada (3.2 mm o ⅛") | C9: m3 | D9: 1 | E9: 230000 | F9: =D9*E9 -> 230000
A10: 1.7 | B10: Tapa y manhole | C10: unidad | D10: 1 | E10: 500000 | F10: =D10*E10 -> 500000
A11: 1.8 | B11: Cemento | C11: Bulto | D11: 3 | E11: 38000 | F11: =D11*E11 -> 114000
A12: 1.9 | B12: Construcción de sello sanitario y placa en concreto | C12: Global | D12: 1 | E12: 300000 | F12: =D12*E12 -> 300000
A13: 1.10 | B13: Equipo monitoreo | C13: Global | D13: 1 | E13: 12000000 | F13: =E13*D13 -> 12000000
A14: 1.11 | B14: Consola Monitoreo | C14: Global | D14: 1 | E14: 6000000 | F14: =E14*D14 -> 6000000
A15: 1.12 | B15: Instalacion equipo y Consola | C15: Global | D15: 2 | E15: 2000000 | F15: =E15*D15 -> 4000000
A16: 1.13 | B16: Capacitación manejo equipos | C16: Global | D16: 1 | E16: 1200000 | F16: =E16*D16 -> 1200000
A17: COSTO DIRECTO COMPLETAMIENTO DEL POZO | F17: =SUM(F4:F16) -> 28019000
A18: IMPREVISTOS DE 5% | F18: =F17*0.05 -> 1400950
A19: ADMINISTRACIÓN DEL 10% | F19: =F17*0.1 -> 2801900
A20: UTILIDADES DEL 5% | F20: =F17*0.05 -> 1400950
A21: IVA DEL 19% SOBRE LAS UTILIDADES | F21: =F20*0.19 -> 266180.5
A22: VALOR TOTAL COMPLETAMIENTO PIEZÓMETRO | F22: =SUM(F17:F21) -> 33888980

Sheet Resumen
B2: COSTO TOTAL DE LA OBRA
B3: ITEM | F3: VALOR
B4: COSTO TOTAL DEL COMPLETAMIENTO | F4: ='PRE Pozo Exploratorio'!M17 -> 1.6776492e+08
B5: COSTO TOTAL PERFORACION EXPLORATORIA | F5: ='PRE Ampliacion y completamiento'!M26 -> 2.9068979e+08
B6: COSTO TOTAL DE LA OBRA | F6: =F4+F5 -> 4.5845471e+08
B7: INTERVENTORIA | F7: =Interventoria!J21 -> 35127848
B8: VALOR TOTAL CON INTERVENTORIA | F8: =+F6+F7 -> 4.9358256e+08

Sheet F.M
A2: FACTOR MULTIPLICADOR PARA CONTRATO DE INTERVENTORIA
B4: CONCEPTO | I4: PORCENTAJE
A5: 1. | B5: Salarios y Prestaciones Sociales de Personal Facturable
A6: 1.1 | B6: Salarios | I6: 1
A7: 1.2 | B7: Prima anual (legal) | E7: 1 | F7: ÷ 12 = | I7: 0.08
A8: 1.3 | B8: Cesantía | E8: 1 | F8: ÷ 12 = | I8: =1/12 -> 0.083333333
A9: 1.4 | B9: Intereses de cesantía | E9: 0.01 | F9: x 1.3. = | I9: 0.01
A10: 1.5 | B10: Vacaciones | I10: 0.042
A11: 1.6 | B11: ARP | I11: 0.0696
A12: 1.7 | B12: Sena | I12: 0.02
A13: 1.8 | B13: ICBF | I13: 0.03
A14: 1.9 | B14: Seguridad Social (salud + pensión) | I14: 0.205
A15: 2 | B15: Caja de Compensación Familiar | I15: 0.04
A16: 2.1 | B16: Otros (Auxilios varios, prestaciones extralegales, Incapacidades no cubiertas) | I16: 0.01
A17: 2.2 | B17: Dotación (Elementos de proteccion personal de campo y oficina) | I17: 0.05
F18: Sub-total | I18: =SUM(I6:I17) -> 1.6399333
A21: 3. | B21: Gastos Generales
A22: 3.1 | B22: Asesoria Contable Tributaria y Juridica | I22: 0.01
A23: 3.2 | B23: Seguros de robo e incendio | I23: 0.005
A24: 3.3 | B24: Personal Administrativo no facturado | I24: 0.01
A25: 3.4 | B25: Personal Profesional no facturado | I25: 0.01
A26: 3.5 | B26: Depreciación de muebles y equipos | I26: 0.005
A27: 3.6 | B27: Correo y otros | I27: 0.005
F28: Sub-total | I28: =SUM(I22:I27) -> 0.045
A30: 4. | B30: Costos Directos no Reembolsables
A31: 4.1 | B31: Poliza de Calidad | I31: 0.0053
A32: 4.2 | B32: Póliza Cumplimiento | I32: 0.01
A33: 4.3 | B33: Póliza Salarios y prestaciones Sociales | I33: 0.0265
F34: Sub-total | I34: =SUM(I31:I33) -> 0.0418
A36: 5. | B36: Honorarios | F36: Sub-total | I36: 0.1
A39: T O T A L | I39: =+I36+I34+I28+I18 -> 1.8267333
A40: FACTOR FINAL DE MULTIPLICACION | I40: =+ROUND(I39,2) -> 1.83
A45: Elaboró: | B45: NOMBRE | F45: Revisó: | G45: NOMBRE
B46: CARGO | G46: CARGO
B47: MATRICULA PROFESIONAL | G47: DEPENDENCIA

Sheet Interventoria
A1: PRESUPUESTO DE INTERVENTORIA OBRA
A5: ITEM | B5: DESCRIPCION | C5: CATEGORIA | D5: CANTIDAD | E5: VALOR MENSUAL | F5: FACTOR MULTIPLICADOR | G5: PORCENTAJE DE DEDICACION | H5: TOTAL VALOR MENSUAL | I5: TIEMPO (MES) | J5: TOTAL
A6: 1 | B6: PERSONAL
A7: 1.1 | B7: PERSONAL DIRECTIVO Y RESIDENTE
A8: 1,1,1 | B8: Geologo con conocimientos en recursos hidricos enfocado en la fase de construccion de pozos de agua, conocimientos en fase de exploracion, perforacion y explotacion de recursos hidricos con esperiencia minima de dos años. | C8: 1 | D8: 3 | E8: =+'Factor Prestacional'!D122 -> 4060000 | F8: 1.83 | G8: 0.55 | H8: =+ROUND((D8*E8*F8*G8),2) -> 12259170 | I8: 1 | J8: =+ROUND(H8*I8,2) -> 12259170
A9: (1) SUBTOTAL PERSONAL | J9: =SUM(J8:J8) -> 12259170
A10: ITEM | B10: DESCRIPCION | D10: CANTIDAD | E10: VALOR MENSUAL | F10: DEDICACION | H10: TOTAL VALOR MENSUAL | I10: TIEMPO (MES) | J10: TOTAL
A11: 2 | B11: GASTOS OPERACIONALES
A12: 2.1 | B12: COSTOS DIRECTOS REEMBOLSABLES
A13: 2,1,1 | B13: Alquiler de vehiculo (Modelo 2019 - 2023) incluye: Combustible y mantenimiento que garantice el buen funcionamiento del vehiculo) | D13: 3 | E13: 4000000 | H13: =+ROUND(D13*E13,0) -> 12000000 | I13: =+I8 -> 1 | J13: =+ROUND(H13*I13,2) -> 12000000
A14: 2,1,2 | B14: Elaboración y presentación de Informes. Incluye: Edición, Registro fotografico, fotocopias, papeleria, otros. | D14: 3 | E14: 359733 | H14: =+ROUND(D14*E14,0) -> 1079199 | I14: =+I13 -> 1 | J14: =+ROUND(H14*I14,2) -> 1079199
A15: (2) SUBTOTAL GASTOS OPERACIONES | J15: =SUM(J13:J14) -> 13079199
A16: (3)=(1)+(2) SUBTOTAL PERSONAL + GASTOS OPERACIONES | J16: =+J15+J9 -> 25338369
A17: (4)= VALOR EQUIVALENTE A DEDUCCIONES Y CONTRIBUCIONES | I17: 0.165 | J17: =+ROUND(J16*I17,2) -> 4180830.9
A18: (4)=(1+2+3) SUBTOTAL PERSONAL + GASTOS OPERACIONES + DEDUCCIONES Y CONTRIBUCIONES | J18: =+J17+J16 -> 29519200
A19: AJUSTE DE CIFRA DECIMAL (CEROS) | J19: =+ROUND(J18,0) -> 29519200
A20: IMPUESTO I.V.A. | I20: 0.19 | J20: =+ROUND(J19*I20,0) -> 5608648
A21: TOTAL VALOR INTERVENTORIA | J21: =+J19+J20 -> 35127848
G22: PORCENTAJE EQUIVALENTE DEL PRESUPUESTO | J22: =ROUND(+J19/L23,4) -> 0.0644 | L22: COSTO DIRECTO OBRA
L23: =+Resumen!F6 -> 4.5845471e+08
A28: Elaboró | F28: Revisó
A29: NOMBRE | F29: NOMBRE
A30: PROFESION | F30: PROFESION

Sheet PRE Pozo Exploratorio
B2: CONSTRUCCIÓN POZO PROFUNDO EXPLORATORIO
P3: CONSTRUCCIÓN POZO PROFUNDO EXPLORATORIO
P4: NO BORRAR
B5: ID | C5: DESCRIPCION | I5: UND | J5: CANT | K5: VR. UNITARIO | M5: VR PARCIAL
B6: 1 | C6: PERFORACIÓN POZO EXPLORATORIO
B7: 1.1 | C7: Tramites de licencias y permisos | I7: Und | J7: 3 | K7: =+'APUs PE'!H210 -> 2800000 | M7: =+K7*J7 -> 8400000
B8: 1.2 | C8: Transporte de personal, equipos, adecuación del terreno y elaboración de piscinas para lodos. | I8: POZO | J8: 3 | K8: =+'APUs PE'!H42 -> 4000000 | M8: =ROUND(K8*J8,0) -> 12000000
B9: 1.3 | C9: Adecuación del área de trabajo, construcción de piscina almacenamiento de lodos bentónicos y canales para el recorrido de lodos, manteniendo las exigencias ambientales. Canales. | I9: POZO | J9: 3 | K9: =+'APUs PE'!H83 -> 180000 | M9: =ROUND(K9*J9,0) -> 540000
B10: 1.4 | C10: Perforación exploratoria de 4" con lodos a base de bentonita. para los 3 pozos los cuales van relacionados a los 110 metros de profundidad para cada pozo | I10: MT | J10: 330 | K10: =+'APUs PE'!H127 -> 304154 | M10: =ROUND(K10*J10,0) -> 100370820
B11: 1.5 | C11: Toma de registro eléctrico Sp, Gama Ray y Resistividad, toma de registro con sonda de niveles en cada pozo a un profundidad de 110 metros de profundidad. y Resistividad. | I11: MT | J11: 330 | K11: =+'APUs PE'!H170 -> 23572.23 | M11: =ROUND(K11*J11,0) -> 7778836
I12: AIU% | J12: SUBTOTAL COSTOS DIRECTOS | M12: =SUM(M7:N11) -> 129089656 | Q12: =+M12 -> 129089656
I13: =+'AIU-Pozo Exploratorio'!J30 -> 0.2396 | J13: ADMINISTRACION | M13: =ROUND(M12*I13,2) -> 30929882 | Q13: NO BORRAR - CALCULO AIU
I14: =+'AIU-Pozo Exploratorio'!J32 -> 0.01 | J14: IMPREVISTOS | M14: =ROUND(M12*I14,2) -> 1290896.6
I15: =+'AIU-Pozo Exploratorio'!J34 -> 0.05 | J15: UTILIDAD | M15: =ROUND(M12*I15,2) -> 6454482.8
B16: OBSERVACIONES: | I16: TOTAL AIU | M16: =SUM(M13:N15) -> 38675261
I17: TOTAL PERFORACION POZO EXPLORATORIO | L17: TOTAL COTIZACION | M17: =+M16+M12 -> 1.6776492e+08
F20: Realizó:
G21: NOMBRE
G22: CARGO
G23: ENTIDAD

Sheet PRE Ampliacion y completamiento
B2: CONSTRUCCIÓN POZO PROFUNDO, AMPLIACIÓN Y COMPLETAMIENTO
P3: CONSTRUCCIÓN POZO PROFUNDO AMPLIACIÓN Y COMPLETAMIENTO
P4: NO BORRAR
B5: ID | C5: DESCRIPCION | I5: UND | J5: CANT | K5: VR. UNITARIO | M5: VR PARCIAL
B6: 1 | C6: PERFORACIÓN POZO EXPLORATORIO
B7: 1.5 | C7: AMPLIACION DE POZO 12” ½ para los 3 pozos a una profundidad de 110 metros de profundidad | I7: MT | J7: 330 | K7: =+'APUs AyC'!H44 -> 281415 | M7: =K7*J7 -> 92866950
B8: 1.6 | C8: Diseño del pozo perfil estatigrafico con su respectiva litologia en los 3 pozos. | I8: POZO | J8: 3 | K8: =+'APUs AyC'!H86 -> 250000 | M8: =K8*J8 -> 750000
B9: 1.7 | C9: Alistamiento de tubería y filtros. | I9: MT | J9: 330 | K9: =+'APUs AyC'!H127 -> 4000 | M9: =K9*J9 -> 1320000
B10: 1.8 | C10: Suministro e instalación de Tubería PVC de 6" para pozo RDE-21 de 70 metros de tuberia ciega para cada pozo. | I10: MT | J10: 210 | K10: =+'APUs AyC'!H171 -> 125000 | M10: =K10*J10 -> 26250000
B11: 1.9 | C11: Suministro e instalación de filtros PVC de 6" para pozo RDE-21 40 metros de tuberia renurada para cada pozos. | I11: MT | J11: 120 | K11: =+'APUs AyC'!H217 -> 205000 | M11: =K11*J11 -> 24600000
B12: 1.10 | C12: Suministro e instalación de gravilla seleccionada contrasporte, suministro de 4 m3 para cada uno de los pozos. | I12: M3 | J12: 12 | K12: =+'APUs AyC'!H260 -> 350000 | M12: =K12*J12 -> 4200000
B13: 2 | C13: COMPLEMENTOS Y SISTEMA DE BOMBEO
B14: 2.1 | C14: Limpieza y desarrollo del pozo por el método combinado de aire, pistón y yetting, con aplicación de químicos 3 pozos de 110 metroa de profundidad. | I14: HR | J14: 30 | K14: =+'APUs AyC'!H352 -> 70000 | M14: =K14*J14 -> 2100000
B15: 2.2 | C15: Tubos Engravilladores | I15: MT | J15: 18 | K15: =+'APUs AyC'!H481 -> 20000 | M15: =K15*J15 -> 360000
B16: 2.3 | C16: Cemento 50 Kg | I16: BULTO | J16: 12 | K16: =+'APUs AyC'!H437 -> 35000 | M16: =K16*J16 -> 420000
B17: 2.4 | C17: Construcción de sello sanitario y placa de Concreto, Construcción de la base del pozo de 0,4 x 0,4 x 1,0 mts con concreto de 3500 psi. | I17: POZO | J17: 3 | K17: =+'APUs AyC'!H308 -> 200000 | M17: =K17*J17 -> 600000
B18: 2.5 | C18: Suministro de equipo de bombeo 2 HP , paneles solares con su respectivo tablero y materiales para su instalacion, conecciones electricas y su respectiva instalacion a un 100% | I18: UND | J18: 3 | K18: =+'APUs AyC'!H568 -> 18000000 | M18: =+K18*J18 -> 54000000
B19: 2.6 | C19: Suministro de tanques de agua de 2000L | I19: UND | J19: 6 | K19: =+'APUs AyC'!H523 -> 745000 | M19: =+K19*J19 -> 4470000
B20: 2.7 | C20: Prueba de bombeo | I20: POZO | J20: 3 | K20: =+'APUs AyC'!H396 -> 3895928.8 | M20: =K20*J20 -> 11687786
I21: AIU% | J21: SUBTOTAL COSTOS DIRECTOS | M21: =SUM(M7:N20) -> 2.2362474e+08 | P21: =+M21 -> 2.2362474e+08
I22: =+'AIU-Ampliacion-Comple'!J29 -> 0.2399 | J22: ADMINISTRACION | M22: =ROUND(M21*I22,2) -> 53647574 | P22: NO BORRAR - CALCULO AIU
I23: =+'AIU-Ampliacion-Comple'!J31 -> 0.01 | J23: IMPREVISTOS | M23: =ROUND(M21*I23,2) -> 2236247.4
I24: =+'AIU-Ampliacion-Comple'!J33 -> 0.05 | J24: UTILIDAD | M24: =ROUND(M21*I24,2) -> 11181237
B25: OBSERVACIONES: | I25: TOTAL AIU | M25: =SUM(M22:N24) -> 67065058
I26: TOTAL CONSTRUCCION Y COMPLETAMIENTO | M26: =+M25+M21 -> 2.9068979e+08
F30: Realizó:
G31: NOMBRE
G32: CARGO
G33: ENTIDAD

Sheet AIU-Pozo Exploratorio
B1: ANALISIS DESGLOSADO DE A.I.U. CONTRATO DE OBRA
B2: CONSTRUCCION DE POZO EXPLORATORIO
B5: VALOR COSTO DIRECTO | C5: =+'PRE Pozo Exploratorio'!Q12 -> 129089656 | H5: DURACION DEL PROYECTO (MES) | J5: 1
B6: VALOR COSTO TOTAL CD + AIU CALCULADO | C6: =ROUND(C5*(1+J36),2) -> 1.6776492e+08 | H6: AIU ASUMIDO | J6: 0.3 | L6: =+C6-C5 -> 38675261
B8: DESCRIPCION | C8: CANT. | D8: SALARIO BASE | E8: FACTOR PRESTACIONAL | F8: VALOR MES | G8: % DEDICACION | H8: DURACION (MES) | I8: VALOR TOTAL | J8: % CON RESPECTO A COSTOS DIRECTOS.
B10: A.) GASTOS DE ADMINISTRACION.
B11: Personal administrativo con prestaciones. | J11: =SUM(J13:J14) -> 0.0172
B12: 1-Residente de Obra | C12: 1 | D12: =+'Factor Prestacional'!H72 -> 2807200 | E12: =+'Factor Prestacional'!I96 -> 0.6106 | F12: =D12+(D12*E12) -> 4521276.3 | G12: 1 | H12: 1 | I12: =ROUND(C12*F12*G12*H12,2) -> 4521276.3 | J12: =ROUND((I12/$C$5),4) -> 0.035
B13: 2-Geologo | C13: 1 | D13: =+'Factor Prestacional'!F72 -> 2228606 | E13: =+'Factor Prestacional'!G96 -> 0.6949 | F13: =D13+(D13*E13) -> 3777264.3 | G13: 0.5 | H13: =+J5 -> 1 | I13: =ROUND(C13*F13*G13*H13,2) -> 1888632.1 | J13: =ROUND((I13/$C$5),4) -> 0.0146
B14: 3-Secretaria | C14: 1 | D14: =+'Factor Prestacional'!J20 -> 1531200 | E14: =+'Factor Prestacional'!I46 -> 0.7485 | F14: =D14+(D14*E14) -> 2677303.2 | G14: 0.42 | H14: =+J6 -> 0.3 | I14: =ROUND(C14*F14*G14*H14,2) -> 337340.2 | J14: =ROUND((I14/$C$5),4) -> 0.0026
B15: Instalaciones, dotaciones y SG-SST | J15: =SUM(J16:J16) -> 0.0014
B16: 1- Gastos de oficina (Papeleria e impresiones) | C16: 1 | F16: 185000 | G16: 1 | H16: =+H13 -> 1 | I16: =F16*G16*H16*C16 -> 185000 | J16: =ROUND((I16/$C$5),4) -> 0.0014
B17: Gastos legalizacion General y de Cobros. | F17: % | G17: COSTOS DIRECTOS | I17: VALOR ESTAMPILLA O FONDO | J17: =SUM(J18:J28) -> 0.221
B18: 1- Requisitos de Ejecución del Contrato (Garantías) | F18: 0.006 | G18: =$C$5 -> 129089656 | I18: =(F18*(G18)) -> 774537.94 | J18: =ROUND((I18/$C$5),4) -> 0.006
B19: 2- Estampilla Pro Cultura | F19: 0.02 | G19: =$C$5 -> 129089656 | I19: =(F19*(G19)) -> 2581793.1 | J19: =ROUND((I19/$C$5),4) -> 0.02
B20: 3- Estampilla Pro Adulto Mayor | F20: 0.04 | G20: =$C$5 -> 129089656 | I20: =(F20*(G20)) -> 5163586.2 | J20: =ROUND((I20/$C$5),4) -> 0.04
B21: 4- Estampilla Pro Electrificacion Rural | F21: 0.015 | G21: =$C$5 -> 129089656 | I21: =(F21*(G21)) -> 1936344.8 | J21: =ROUND((I21/$C$5),4) -> 0.015
B22: 5- Estampilla Pro CERES | F22: 0.01 | G22: =$C$5 -> 129089656 | I22: =(F22*(G22)) -> 1290896.6 | J22: =ROUND((I22/$C$5),4) -> 0.01
B23: 6- Estampilla Pro Hospital Universitario | F23: 0.01 | G23: =$C$5 -> 129089656 | I23: =(F23*(G23)) -> 1290896.6 | J23: =ROUND((I23/$C$5),4) -> 0.01
B24: 7- Estampilla Pro Universidad de Cartagena | F24: 0.01 | G24: =$C$5 -> 129089656 | I24: =(F24*(G24)) -> 1290896.6 | J24: =ROUND((I24/$C$5),4) -> 0.01
B25: 8- Estampilla Pro Monumentos | F25: 0.03 | G25: =$C$5 -> 129089656 | I25: =(F25*(G25)) -> 3872689.7 | J25: =ROUND((I25/$C$5),4) -> 0.03
B26: 9- Fondo de seguridad ciudadana | F26: 0.05 | G26: =$C$5 -> 129089656 | I26: =(F26*(G26)) -> 6454482.8 | J26: =ROUND((I26/$C$5),4) -> 0.05
B27: 10- Contribución Deporte | F27: 0.01 | G27: =$C$5 -> 129089656 | I27: =(F27*(G27)) -> 1290896.6 | J27: =ROUND((I27/$C$5),4) -> 0.01
B28: 11- Contribución órdenes de pago y contratos | F28: 0.02 | G28: =$C$5 -> 129089656 | I28: =(F28*(G28)) -> 2581793.1 | J28: =ROUND((I28/$C$5),4) -> 0.02
B30: A.) TOTAL GASTOS DE ADMINISTRACION (A) | J30: =+J17+J15+J11 -> 0.2396
B32: B.) IMPREVISTOS ESTIMADOS (I) | J32: 0.01
B34: C.) UTILIDADES ESPERADAS (U) | J34: 0.05
B36: PORCENTAJE TOTAL DE AIU | J36: =SUM(J30:J34) -> 0.2996
B38: OBSERVACIONES:
B39: 1) Los salarios base son extraidos con base al analisis efectuado para el calculo del factor prestacion según experiencia del profesional
B40: 2) Los porcentajes de estampillas son estipulados según base de datos del departamento de sucre.
B47: Elaboró | G47: Revisó
B48: XXXXXXX | G48: XXXXX
B49: Profesion | G49: Profesion

Sheet AIU-Ampliacion-Comple
B1: ANALISIS DESGLOSADO DE A.I.U. CONTRATO DE OBRA
B2: CONSTRUCCION DE POZO PROFUNDO, AMPLIACIÓN Y COMPLETAMIENTO
B5: VALOR COSTO DIRECTO | C5: =+'PRE Ampliacion y completamiento'!P21 -> 2.2362474e+08 | H5: DURACION DEL PROYECTO (MES) | J5: 1
B6: VALOR COSTO TOTAL CD + AIU CALCULADO | C6: =ROUND(C5*(1+J35),2) -> 2.9068979e+08 | H6: AIU ASUMIDO | J6: 0.3 | L6: =+C6-C5 -> 67065058
B8: DESCRIPCION | C8: CANT. | D8: SALARIO BASE | E8: FACTOR PRESTACIONAL | F8: VALOR MES | G8: % DEDICACION | H8: DURACION (MES) | I8: VALOR TOTAL | J8: % CON RESPECTO A COSTOS DIRECTOS.
B10: A.) GASTOS DE ADMINISTRACION.
B11: Personal administrativo con prestaciones. | J11: =SUM(J12:J13) -> 0.0179
B12: 1-Residente de Obra | C12: 1 | D12: =+'Factor Prestacional'!H72 -> 2807200 | E12: =+'Factor Prestacional'!I96 -> 0.6106 | F12: =D12+(D12*E12) -> 4521276.3 | G12: 0.5 | H12: 1 | I12: =ROUND(C12*F12*G12*H12,2) -> 2260638.2 | J12: =ROUND((I12/$C$5),4) -> 0.0101
B13: 2-Geologo | C13: 1 | D13: =+'Factor Prestacional'!F72 -> 2228606 | E13: =+'Factor Prestacional'!G96 -> 0.6949 | F13: =D13+(D13*E13) -> 3777264.3 | G13: 0.46 | H13: =+J5 -> 1 | I13: =ROUND(C13*F13*G13*H13,2) -> 1737541.6 | J13: =ROUND((I13/$C$5),4) -> 0.0078
B14: Instalaciones, dotaciones y SG-SST | J14: =SUM(J15:J15) -> 0.001
B15: 1- Gastos de oficina (Papeleria e impresiones) | C15: 1 | F15: 220000 | G15: 1 | H15: =+H12 -> 1 | I15: =F15*G15*H15*C15 -> 220000 | J15: =ROUND((I15/$C$5),4) -> 0.001
B16: Gastos legalizacion General y de Cobros. | F16: % | G16: COSTOS DIRECTOS | I16: VALOR ESTAMPILLA O FONDO | J16: =SUM(J17:J27) -> 0.221
B17: 1- Requisitos de Ejecución del Contrato (Garantías) | F17: 0.006 | G17: =$C$5 -> 2.2362474e+08 | I17: =(F17*(G17)) -> 1341748.4 | J17: =ROUND((I17/$C$5),4) -> 0.006
B18: 2- Estampilla Pro Cultura | F18: 0.02 | G18: =$C$5 -> 2.2362474e+08 | I18: =(F18*(G18)) -> 4472494.7 | J18: =ROUND((I18/$C$5),4) -> 0.02
B19: 3- Estampilla Pro Adulto Mayor | F19: 0.04 | G19: =$C$5 -> 2.2362474e+08 | I19: =(F19*(G19)) -> 8944989.5 | J19: =ROUND((I19/$C$5),4) -> 0.04
B20: 4- Estampilla Pro Electrificacion Rural | F20: 0.015 | G20: =$C$5 -> 2.2362474e+08 | I20: =(F20*(G20)) -> 3354371 | J20: =ROUND((I20/$C$5),4) -> 0.015
B21: 5- Estampilla Pro CERES | F21: 0.01 | G21: =$C$5 -> 2.2362474e+08 | I21: =(F21*(G21)) -> 2236247.4 | J21: =ROUND((I21/$C$5),4) -> 0.01
B22: 6- Estampilla Pro Hospital Universitario | F22: 0.01 | G22: =$C$5 -> 2.2362474e+08 | I22: =(F22*(G22)) -> 2236247.4 | J22: =ROUND((I22/$C$5),4) -> 0.01
B23: 7- Estampilla Pro Universidad de Cartagena | F23: 0.01 | G23: =$C$5 -> 2.2362474e+08 | I23: =(F23*(G23)) -> 2236247.4 | J23: =ROUND((I23/$C$5),4) -> 0.01
B24: 8- Estampilla Pro Monumentos | F24: 0.03 | G24: =$C$5 -> 2.2362474e+08 | I24: =(F24*(G24)) -> 6708742.1 | J24: =ROUND((I24/$C$5),4) -> 0.03
B25: 9- Fondo de seguridad ciudadana | F25: 0.05 | G25: =$C$5 -> 2.2362474e+08 | I25: =(F25*(G25)) -> 11181237 | J25: =ROUND((I25/$C$5),4) -> 0.05
B26: 10- Contribución Deporte | F26: 0.01 | G26: =$C$5 -> 2.2362474e+08 | I26: =(F26*(G26)) -> 2236247.4 | J26: =ROUND((I26/$C$5),4) -> 0.01
B27: 11- Contribución órdenes de pago y contratos | F27: 0.02 | G27: =$C$5 -> 2.2362474e+08 | I27: =(F27*(G27)) -> 4472494.7 | J27: =ROUND((I27/$C$5),4) -> 0.02
B29: A.) TOTAL GASTOS DE ADMINISTRACION (A) | J29: =+J16+J14+J11 -> 0.2399
B31: B.) IMPREVISTOS ESTIMADOS (I) | J31: 0.01
B33: C.) UTILIDADES ESPERADAS (U) | J33: 0.05
B35: PORCENTAJE TOTAL DE AIU | J35: =SUM(J29:J33) -> 0.2999
B37: OBSERVACIONES:
B38: 1) Los salarios base son extraidos con base al analisis efectuado para el calculo del factor prestacion según experiencia del profesional
B39: 2) Los porcentajes de estampillas son estipulados según base de datos del departamento de sucre.
B46: Elaboró | G46: Revisó
B47: XXXXXXX | G47: XXXXX
B48: Profesion | G48: Profesion

Sheet APUs PE
A1: =+'PRE Pozo Exploratorio'!P3 -> CONSTRUCCIÓN POZO PROFUNDO EXPLORATORIO
A2: ANALISIS DE PRECIOS UNITARIOS
A3: CAPITULO | B3: 1 | C3: =+'PRE Pozo Exploratorio'!C6:H6 -> PERFORACIÓN POZO EXPLORATORIO
A4: ITEM: | B4: =+'PRE Pozo Exploratorio'!B8 -> 1.2 | C4: =+'PRE Pozo Exploratorio'!C8:H8 -> Transporte de personal, equipos, adecuación del terreno y elaboración de piscinas para lodos. | G4: UNIDAD | H4: =+'PRE Pozo Exploratorio'!I8 -> POZO
A6: 1. EQUIPO Y HERRAMIENTAS
A7: DESCRIPCION | E7: CANTIDAD | F7: TARIFA DIA | G7: RENDIMIENTO | H7: VR PARCIAL
E8: (a) | F8: 1 equipo | G8: unidad/dia | H8: (axb)/(c)
F9: (b) | G9: (c)
A10: Herramienta menor | E10: 1 | F10: =+H31*0.1-19626 -> 36432.2 | G10: 1 | H10: =ROUND(+(E10*F10)/G10,0) -> 36432
G12: SUBTOTAL | H12: =SUM(H10:H11) -> 36432
A14: 2. MATERIALES
A15: DESCRIPCION | E15: UNIDAD | F15: CANTIDAD | G15: VR UNITARIO | H15: VR PARCIAL
F16: (d) | G16: (e) | H16: (dxe)
F20: PARCIAL | H20: =SUM(H17:H19) -> 0
F21: % DESP. | G21: 0 | H21: =+H20*G21 -> 0
F22: SUBTOTAL | H22: =+H20+H21 -> 0
A24: 3. MANO DE OBRA
A25: DESCRIPCION | E25: CANTIDAD | F25: JORNAL | G25: RENDIMIENTO | H25: VR PARCIAL
E26: (f) | F26: integral/dia | G26: unidad/dia | H26: (fxg)/(h)
F27: (g) | G27: (h)
A28: Ayudante | E28: 2 | F28: =+Insumos!H14 -> 77191 | G28: 0.5 | H28: =+(E28*F28)/G28 -> 308764
A29: Operador | E29: 1 | F29: =+Insumos!H12 -> 125909 | G29: 0.5 | H29: =+(E29*F29)/G29 -> 251818
G31: SUBTOTAL | H31: =+H28+H29 -> 560582
A33: 4. VARIOS
A34: DESCRIPCION | E34: CANTIDAD | F34: TARIFA | G34: RENDIMIENTO | H34: VR PARCIAL
E35: (i) | F35: (j) | G35: (k) | H35: (ixjxk)
A36: Transporte terrestre | E36: 1 | F36: =+Insumos!H101 -> 4537314 | G36: 0.75 | H36: =E36*F36*G36 -> 3402985.5
G38: SUBTOTAL | H38: =SUM(H36:H37) -> 3402985.5
E40: TOTAL COSTO DIRECTO: ( 1 + 2 + 3 + 4 ) | H40: =ROUND(+H38+H31+H22+H12,0) -> 4000000
E41: A. I. U. | G41: 0 | H41: 0
A42: FIRMA | E42: PRECIO UNITARIO TOTAL: | H42: =+H40+H41 -> 4000000
A43: =+A1 -> CONSTRUCCIÓN POZO PROFUNDO EXPLORATORIO
A44: ANALISIS DE PRECIOS UNITARIOS
A45: CAPITULO | B45: 1 | C45: =+C3 -> PERFORACIÓN POZO EXPLORATORIO
A46: ITEM: | B46: =+'PRE Pozo Exploratorio'!B9 -> 1.3 | C46: =+'PRE Pozo Exploratorio'!C9:H9 -> Adecuación del área de trabajo, construcción de piscina almacenamiento de lodos bentónicos y canales para el recorrido de lodos, manteniendo las exigencias ambientales. Canales. | G46: UNIDAD | H46: =+'PRE Pozo Exploratorio'!I9 -> POZO
A48: 1. EQUIPO Y HERRAMIENTAS
A49: DESCRIPCION | E49: CANTIDAD | F49: TARIFA DIA | G49: RENDIMIENTO | H49: VR PARCIAL
E50: (a) | F50: 1 equipo | G50: unidad/dia | H50: (axb)/(c)
F51: (b) | G51: (c)
A52: Herramienta menor | E52: 1 | F52: =+H72*0.1-8690 -> 8463.6 | G52: 1 | H52: =ROUND(+(E52*F52)/G52,0) -> 8464
G54: SUBTOTAL | H54: =SUM(H52:H53) -> 8464
A56: 2. MATERIALES
A57: DESCRIPCION | E57: UNIDAD | F57: CANTIDAD | G57: VR UNITARIO | H57: VR PARCIAL
F58: (d) | G58: (e) | H58: (dxe)
F62: PARCIAL | H62: =+SUM(H59:H61) -> 0
F63: % DESP. | G63: 0 | H63: =+H62*G63 -> 0
F64: SUBTOTAL | H64: =+H62+H63 -> 0
A66: 3. MANO DE OBRA
A67: DESCRIPCION | E67: CANTIDAD | F67: JORNAL | G67: RENDIMIENTO | H67: VR PARCIAL
E68: (f) | F68: integral/dia | G68: unidad/dia | H68: (fxg)/(h)
F69: (g) | G69: (h)
A70: Ayudante | E70: 2 | F70: =+Insumos!H14 -> 77191 | G70: 0.9 | H70: =ROUND(+(E70*F70)/G70,0) -> 171536
G72: SUBTOTAL | H72: =SUM(H70:H71) -> 171536
A74: 4. VARIOS
A75: DESCRIPCION | E75: CANTIDAD | F75: TARIFA | G75: RENDIMIENTO | H75: VR PARCIAL
E76: (i) | F76: (j) | G76: (k) | H76: (ixjxk)
G79: SUBTOTAL | H79: 0
E81: TOTAL COSTO DIRECTO: ( 1 + 2 + 3 ) | H81: =ROUND(+H72+H64+H54+H79,2) -> 180000
E82: A. I. U. | G82: 0 | H82: 0
A83: FIRMA | E83: PRECIO UNITARIO TOTAL: | H83: =+H81+H82 -> 180000
A84: =+A43 -> CONSTRUCCIÓN POZO PROFUNDO EXPLORATORIO
A85: ANALISIS DE PRECIOS UNITARIOS
A86: CAPITULO | B86: 1 | C86: =+C45 -> PERFORACIÓN POZO EXPLORATORIO
A87: ITEM: | B87: =+'PRE Pozo Exploratorio'!B10 -> 1.4 | C87: =+'PRE Pozo Exploratorio'!C10:H10 -> Perforación exploratoria de 4" con lodos a base de bentonita. para los 3 pozos los cuales van relacionados a los 110 metros de profundidad para cada pozo | G87: UNIDAD | H87: =+'PRE Pozo Exploratorio'!I10 -> MT
A89: 1. EQUIPO Y HERRAMIENTAS
A90: DESCRIPCION | E90: CANTIDAD | F90: TARIFA DIA | G90: RENDIMIENTO | H90: VR PARCIAL
E91: (a) | F91: 1 equipo | G91: unidad/dia | H91: (axb)/(c)
F92: (b) | G92: (c)
A93: Herramienta menor | E93: 1 | F93: =+H116*0.1+9131 -> 11679.1 | G93: 1 | H93: =ROUND(+(E93*F93)/G93,0) -> 11679
A94: Equipo mecánico de perforación | E94: 1 | F94: =+Insumos!H68 -> 2738572 | G94: 11 | H94: =ROUND(+(E94*F94)/G94,0) -> 248961
G96: SUBTOTAL | H96: =SUM(H93:H95) -> 260640
A98: 2. MATERIALES
A99: DESCRIPCION | E99: UNIDAD | F99: CANTIDAD | G99: VR UNITARIO | H99: VR PARCIAL
F100: (d) | G100: (e) | H100: (dxe)
A101: Bentonita | E101: Bulto | F101: 0.1 | G101: =+Insumos!H40 -> 115000 | H101: =ROUND(+F101*G101,0) -> 11500
A102: Gasolina corriente | E102: Galon | F102: 0.4 | G102: =+Insumos!H72 -> 10570 | H102: =ROUND(+F102*G102,0) -> 4228
A103: Aceite hidraulico | E103: Galon | F103: 0.07 | G103: =+Insumos!H32 -> 20651 | H103: =ROUND(+F103*G103,0) -> 1446
F105: PARCIAL | H105: =SUM(H101:H104) -> 17174
F106: % DESP. | G106: 0.05 | H106: =ROUND(+H105*G106,0) -> 859
F107: SUBTOTAL | H107: =H105+H106 -> 18033
A109: 3. MANO DE OBRA
A110: DESCRIPCION | E110: CANTIDAD | F110: JORNAL | G110: RENDIMIENTO | H110: VR PARCIAL
E111: (f) | F111: integral/dia | G111: unidad/dia | H111: (fxg)/(h)
F112: (g) | G112: (h)
A113: Ayudante | E113: 2 | F113: =+Insumos!H14 -> 77191 | G113: 11 | H113: =ROUND(+(E113*F113)/G113,0) -> 14035
A114: Operador | E114: 1 | F114: =+Insumos!H12 -> 125909 | G114: 11 | H114: =ROUND(+(E114*F114)/G114,0) -> 11446
G116: SUBTOTAL | H116: =+H113+H114 -> 25481
A118: 4. VARIOS
A119: DESCRIPCION | E119: CANTIDAD | F119: TARIFA | G119: RENDIMIENTO | H119: VR PARCIAL
E120: (i) | F120: (j) | G120: (k) | H120: (ixjxk)
G123: SUBTOTAL | H123: 0
E125: TOTAL COSTO DIRECTO: ( 1 + 2 + 3 + 4 ) | H125: =ROUND(+H116+H107+H96+H123,0) -> 304154
E126: A. I. U. | G126: 0 | H126: 0
A127: FIRMA | E127: PRECIO UNITARIO TOTAL: | H127: =+H125+H126 -> 304154
A128: =+A84 -> CONSTRUCCIÓN POZO PROFUNDO EXPLORATORIO
A129: ANALISIS DE PRECIOS UNITARIOS
A130: CAPITULO | B130: 1 | C130: =+C86 -> PERFORACIÓN POZO EXPLORATORIO
A131: ITEM: | B131: =+'PRE Pozo Exploratorio'!B11 -> 1.5 | C131: =+'PRE Pozo Exploratorio'!C11:H11 -> Toma de registro eléctrico Sp, Gama Ray y Resistividad, toma de registro con sonda de niveles en cada pozo a un profundidad de 110 metros de profundidad. y Resistividad. | G131: UNIDAD | H131: =+'PRE Pozo Exploratorio'!I11 -> MT
A133: 1. EQUIPO Y HERRAMIENTAS
A134: DESCRIPCION | E134: CANTIDAD | F134: TARIFA DIA | G134: RENDIMIENTO | H134: VR PARCIAL
...

Sheet APUs AyC
A1: =+'PRE Ampliacion y completamiento'!P3 -> CONSTRUCCIÓN POZO PROFUNDO AMPLIACIÓN Y COMPLETAMIENTO
A2: ANALISIS DE PRECIOS UNITARIOS
A3: CAPITULO | B3: =+'PRE Ampliacion y completamiento'!B6 -> 1 | C3: =+'PRE Ampliacion y completamiento'!C6:H6 -> PERFORACIÓN POZO EXPLORATORIO
A4: ITEM: | B4: =+'PRE Ampliacion y completamiento'!B7 -> 1.5 | C4: =+'PRE Ampliacion y completamiento'!C7:H7 -> AMPLIACION DE POZO 12” ½ para los 3 pozos a una profundidad de 110 metros de profundidad | G4: UNIDAD | H4: =+'PRE Ampliacion y completamiento'!I7 -> MT
A6: 1. EQUIPO Y HERRAMIENTAS
A7: DESCRIPCION | E7: CANTIDAD | F7: TARIFA DIA | G7: RENDIMIENTO | H7: VR PARCIAL
E8: (a) | F8: 1 equipo | G8: unidad/dia | H8: (axb)/(c)
F9: (b) | G9: (c)
A10: Herramienta menor | E10: 1 | F10: =+H33*0.1+7218 -> 9967.8 | G10: 1 | H10: =ROUND(+(E10*F10)/G10,0) -> 9968
A11: Equipo mecánico de perforación | E11: 1 | F11: =+'APUs PE'!F94 -> 2738572 | G11: =+G30 -> 13 | H11: =ROUND(+(E11*F11)/G11,0) -> 210659
G13: SUBTOTAL | H13: =SUM(H10:H12) -> 220627
A15: 2. MATERIALES
A16: DESCRIPCION | E16: UNIDAD | F16: CANTIDAD | G16: VR UNITARIO | H16: VR PARCIAL
F17: (d) | G17: (e) | H17: (dxe)
A18: Gasolina corriente | E18: Galon | F18: 0.55 | G18: =+'APUs PE'!G102 -> 10570 | H18: =ROUND(+F18*G18,0) -> 5814
A19: Aceite hidraulico | E19: Galon | F19: 0.14 | G19: =+'APUs PE'!G103 -> 20651 | H19: =ROUND(+F19*G19,0) -> 2891
A20: Bentonita | E20: Bulto | F20: 0.2 | G20: =+'APUs PE'!G101 -> 115000 | H20: =ROUND(+F20*G20,0) -> 23000
F22: PARCIAL | H22: =SUM(H18:H21) -> 31705
F23: % DESP. | G23: 0.05 | H23: =ROUND(+H22*G23,0) -> 1585
F24: SUBTOTAL | H24: =H22+H23 -> 33290
A26: 3. MANO DE OBRA
A27: DESCRIPCION | E27: CANTIDAD | F27: JORNAL | G27: RENDIMIENTO | H27: VR PARCIAL
E28: (f) | F28: integral/dia | G28: unidad/dia | H28: (fxg)/(h)
F29: (g) | G29: (h)
A30: Ayudante | E30: 3 | F30: =+Insumos!H14 -> 77191 | G30: 13 | H30: =ROUND(+(E30*F30)/G30,0) -> 17813
A31: Operador | E31: 1 | F31: =+Insumos!H12 -> 125909 | G31: =+G30 -> 13 | H31: =ROUND(+(E31*F31)/G31,0) -> 9685
G33: SUBTOTAL | H33: =+H30+H31 -> 27498
A35: 4. VARIOS
A36: DESCRIPCION | E36: CANTIDAD | F36: TARIFA | G36: RENDIMIENTO | H36: VR PARCIAL
E37: (i) | F37: (j) | G37: (k) | H37: (ixjxk)
G40: SUBTOTAL | H40: 0
E42: TOTAL COSTO DIRECTO: ( 1 + 2 + 3 + 4 ) | H42: =ROUND(+H33+H24+H13+H40,0) -> 281415
E43: A. I. U. | G43: 0 | H43: 0
A44: FIRMA | E44: PRECIO UNITARIO TOTAL: | H44: =+H42+H43 -> 281415
A45: =+A1 -> CONSTRUCCIÓN POZO PROFUNDO AMPLIACIÓN Y COMPLETAMIENTO
A46: ANALISIS DE PRECIOS UNITARIOS
A47: CAPITULO | B47: =+B3 -> 1 | C47: =+C3 -> PERFORACIÓN POZO EXPLORATORIO
A48: ITEM: | B48: =+'PRE Ampliacion y completamiento'!B8 -> 1.6 | C48: =+'PRE Ampliacion y completamiento'!C8:H8 -> Diseño del pozo perfil estatigrafico con su respectiva litologia en los 3 pozos. | G48: UNIDAD | H48: =+'PRE Ampliacion y completamiento'!I8 -> POZO
A50: 1. EQUIPO Y HERRAMIENTAS
A51: DESCRIPCION | E51: CANTIDAD | F51: TARIFA DIA | G51: RENDIMIENTO | H51: VR PARCIAL
E52: (a) | F52: 1 equipo | G52: unidad/dia | H52: (axb)/(c)
F53: (b) | G53: (c)
A54: Herramienta menor | E54: 1 | F54: =+H75*0.1-21595 -> 107.1 | G54: 1 | H54: =ROUND(+(E54*F54)/G54,0) -> 107
A55: Equipo para computo | E55: 1 | F55: =+'APUs PE'!F139 -> 32872 | G55: 1 | H55: =+(E55*F55)/G55 -> 32872
G57: SUBTOTAL | H57: =SUM(H54:H56) -> 32979
A59: 2. MATERIALES
A60: DESCRIPCION | E60: UNIDAD | F60: CANTIDAD | G60: VR UNITARIO | H60: VR PARCIAL
F61: (d) | G61: (e) | H61: (dxe)
F65: PARCIAL | H65: 0
F66: % DESP. | G66: 0 | H66: =+H65*G66 -> 0
F67: SUBTOTAL | H67: =H65+H66 -> 0
A69: 3. MANO DE OBRA
A70: DESCRIPCION | E70: CANTIDAD | F70: JORNAL | G70: RENDIMIENTO | H70: VR PARCIAL
E71: (f) | F71: integral/dia | G71: unidad/dia | H71: (fxg)/(h)
F72: (g) | G72: (h)
A73: Geologo | E73: 1 | F73: =+'APUs PE'!F157 -> 217021 | G73: 1 | H73: =ROUND(+(E73*F73)/G73,0) -> 217021
G75: SUBTOTAL | H75: =SUM(H73:H74) -> 217021
A77: 4. VARIOS
A78: DESCRIPCION | E78: CANTIDAD | F78: TARIFA | G78: RENDIMIENTO | H78: VR PARCIAL
E79: (i) | F79: (j) | G79: (k) | H79: (ixjxk)
G82: SUBTOTAL | H82: =SUM(H80:H81) -> 0
E84: TOTAL COSTO DIRECTO: ( 1 + 2 + 3 + 4 ) | H84: =ROUND(+H75+H67+H57+H82,2) -> 250000
E85: A. I. U. | G85: 0 | H85: 0
A86: FIRMA | E86: PRECIO UNITARIO TOTAL: | H86: =+H84+H85 -> 250000
A87: =+A45 -> CONSTRUCCIÓN POZO PROFUNDO AMPLIACIÓN Y COMPLETAMIENTO
A88: ANALISIS DE PRECIOS UNITARIOS
A89: CAPITULO | B89: =+B47 -> 1 | C89: =+C47 -> PERFORACIÓN POZO EXPLORATORIO
A90: ITEM: | B90: =+'PRE Ampliacion y completamiento'!B9 -> 1.7 | C90: =+'PRE Ampliacion y completamiento'!C9:H9 -> Alistamiento de tubería y filtros. | G90: UNIDAD | H90: =+'PRE Ampliacion y completamiento'!I9 -> MT
A92: 1. EQUIPO Y HERRAMIENTAS
A93: DESCRIPCION | E93: CANTIDAD | F93: TARIFA DIA | G93: RENDIMIENTO | H93: VR PARCIAL
E94: (a) | F94: 1 equipo | G94: unidad/dia | H94: (axb)/(c)
F95: (b) | G95: (c)
A96: Herramienta menor | E96: 1 | F96: =+H116*0.1-44 -> 323.6 | G96: 1 | H96: =ROUND(+(E96*F96)/G96,0) -> 324
G98: SUBTOTAL | H98: =SUM(H96:H97) -> 324
A100: 2. MATERIALES
A101: DESCRIPCION | E101: UNIDAD | F101: CANTIDAD | G101: VR UNITARIO | H101: VR PARCIAL
F102: (d) | G102: (e) | H102: (dxe)
F106: PARCIAL | H106: 0
F107: % DESP. | G107: 0 | H107: =+H106*G107 -> 0
F108: SUBTOTAL | H108: =H106+H107 -> 0
A110: 3. MANO DE OBRA
A111: DESCRIPCION | E111: CANTIDAD | F111: JORNAL | G111: RENDIMIENTO | H111: VR PARCIAL
E112: (f) | F112: integral/dia | G112: unidad/dia | H112: (fxg)/(h)
F113: (g) | G113: (h)
A114: Ayudante | E114: 2 | F114: =+'APUs PE'!F156 -> 77191 | G114: 42 | H114: =ROUND(+(E114*F114)/G114,0) -> 3676
G116: SUBTOTAL | H116: =SUM(H114:H115) -> 3676
A118: 4. VARIOS
A119: DESCRIPCION | E119: CANTIDAD | F119: TARIFA | G119: RENDIMIENTO | H119: VR PARCIAL
E120: (i) | F120: (j) | G120: (k) | H120: (ixjxk)
G123: SUBTOTAL | H123: =SUM(H121:H122) -> 0
E125: TOTAL COSTO DIRECTO: ( 1 + 2 + 3 + 4 ) | H125: =ROUND(+H116+H108+H98+H123,2) -> 4000
E126: A. I. U. | G126: 0 | H126: 0
A127: FIRMA | E127: PRECIO UNITARIO TOTAL: | H127: =+H125+H126 -> 4000
B128: =+A45 -> CONSTRUCCIÓN POZO PROFUNDO AMPLIACIÓN Y COMPLETAMIENTO
A129: ANALISIS DE PRECIOS UNITARIOS
A130: CAPITULO | B130: =+B47 -> 1 | C130: =+C47 -> PERFORACIÓN POZO EXPLORATORIO
A131: ITEM: | B131: =+'PRE Ampliacion y completamiento'!B10 -> 1.8 | C131: =+'PRE Ampliacion y completamiento'!C10:H10 -> Suministro e instalación de Tubería PVC de 6" para pozo RDE-21 de 70 metros de tuberia ciega para cada pozo. | G131: UNIDAD | H131: =+'PRE Ampliacion y completamiento'!I10 -> MT
A133: 1. EQUIPO Y HERRAMIENTAS
A134: DESCRIPCION | E134: CANTIDAD | F134: TARIFA DIA | G134: RENDIMIENTO | H134: VR PARCIAL
E135: (a) | F135: 1 equipo | G135: unidad/dia | H135: (axb)/(c)
...

Sheet Factor Prestacional
B1: BASE DE DATOS | M1: Pagina 1-3
A6: FACTOR PRESTACIONAL
A8: Descripción | C8: Año 2022 | D8: Año 2023 | F8: SUBSIDIO TRANSPORTE | H8: MENSUAL | I8: =+D10 -> 140606 | J8: ANUAL | K8: =+ROUND(I8/30*(365-17-3),0) -> 1616969 | L8: DIARIO | M8: =+K8/365 -> 4430.0521
A9: Salario Minimo | C9: 1000000 | D9: 1160000
A10: Subsidio de transporte | C10: 117172 | D10: 140606
A11: Hora Diurna | C11: =33333/8 -> 4166.625 | D11: =38667/8 -> 4833.375
A12: Hora Nocturna | C12: =+C11*1.35 -> 5624.9438 | D12: =+D11*1.35 -> 6525.0563
A13: Hora extra diurna | C13: 5208 | D13: 6042
A14: Hora extra nocturna | C14: 7292 | D14: 8458
A15: Hora extra festiva diurna | C15: 10417 | D15: 12875
A16: Hora extra festiva nocturna | C16: 9375 | D16: 10875
A18: SALARIO MINIMO | D18: 1 | F18: 1.15 | H18: 1.2 | J18: 1.32 | L18: 1.44
D19: VALOR | E19: REF | F19: VALOR | G19: REF | H19: VALOR | I19: REF | J19: VALOR | K19: REF | L19: VALOR | M19: REF
A20: MENSUAL | D20: =+D9 -> 1160000 | E20: A | F20: =+ROUND(D20*F18,0) -> 1334000 | G20: A | H20: =+ROUND(D20*H18,0) -> 1392000 | I20: A | J20: =+ROUND(D20*J18,0) -> 1531200 | K20: A | L20: =+ROUND(D20*L18,0) -> 1670400 | M20: A
A21: SUBSIDIO TRANSPORTE | D21: =+D10 -> 140606 | E21: B | F21: =+D21 -> 140606 | G21: B | H21: =+F21 -> 140606 | I21: B | J21: =+H21 -> 140606 | K21: B | L21: =+J21 -> 140606 | M21: B
A22: TOTAL MENSUAL | D22: =SUM(D20:D21) -> 1300606 | E22: C | F22: =SUM(F20:F21) -> 1474606 | G22: C | H22: =SUM(H20:H21) -> 1532606 | I22: C | J22: =SUM(J20:J21) -> 1671806 | K22: C | L22: =SUM(L20:L21) -> 1811006 | M22: C
A23: ANUAL | D23: =+ROUND(D20/30*360,0) -> 13920000 | E23: D | F23: =+ROUND(F20/30*360,0) -> 16008000 | G23: D | H23: =+ROUND(H20/30*360,0) -> 16704000 | I23: D | J23: =+ROUND(J20/30*360,0) -> 18374400 | K23: D | L23: =+ROUND(L20/30*360,0) -> 20044800 | M23: D
A24: ANUAL+SUBSIDIO TRANSP. | D24: =+D23+K8 -> 15536969 | E24: E | F24: =+F23+K8 -> 17624969 | G24: E | H24: =+H23+K8 -> 18320969 | I24: E | J24: =+J23+K8 -> 19991369 | K24: E | L24: =+L23+K8 -> 21661769 | M24: E
A25: CONCEPTO | B25: BASE | C25: FACTOR | D25: VALOR | E25: % | F25: VALOR | G25: % | H25: VALOR | I25: % | J25: VALOR | K25: % | L25: VALOR | M25: %
A26: Salario anual (365 Dias) | D26: =+D23 -> 13920000 | E26: =+ROUND(D23/D26,4) -> 1 | F26: =+F23 -> 16008000 | G26: =+ROUND(F23/F26,4) -> 1 | H26: =+H23 -> 16704000 | I26: =+ROUND(H23/H26,4) -> 1 | J26: =+J23 -> 18374400 | K26: =+ROUND(J23/J26,4) -> 1 | L26: =+L23 -> 20044800 | M26: =+ROUND(L23/L26,4) -> 1
A27: Subsidio de transporte | D27: =+K8 -> 1616969 | E27: =+ROUND(D27/D23,4) -> 0.1162 | F27: =+K8 -> 1616969 | G27: =+ROUND(F27/F23,4) -> 0.101 | H27: =+K8 -> 1616969 | I27: =+ROUND(H27/H23,4) -> 0.0968 | J27: =+K8 -> 1616969 | K27: =+ROUND(J27/J23,4) -> 0.088 | L27: =+K8 -> 1616969 | M27: =+ROUND(L27/L23,4) -> 0.0807
A28: PRESTACIONES
A29: Cesantia anual | B29: E | C29: 1 | D29: =+ROUND((D22*C29),0) -> 1300606 | E29: =+ROUND(D29/D23,4) -> 0.0934 | F29: =+ROUND((F22*C29),0) -> 1474606 | G29: =+ROUND(F29/F23,4) -> 0.0921 | H29: =+ROUND((H22*$C$29),0) -> 1532606 | I29: =+ROUND(H29/H23,4) -> 0.0918 | J29: =+ROUND((J22*C29),0) -> 1671806 | K29: =+ROUND(J29/J23,4) -> 0.091 | L29: =+ROUND((L22*C29),0) -> 1811006 | M29: =+ROUND(L29/L23,4) -> 0.0903
A30: intereses cesantias | B30: Cesan | C30: 0.12 | D30: =+ROUND((D22*C30),0) -> 156073 | E30: =+ROUND(D30/D26,4) -> 0.0112 | F30: =+ROUND((F22*C30),0) -> 176953 | G30: =+ROUND(F30/F26,4) -> 0.0111 | H30: =+ROUND((H22*$C$30),0) -> 183913 | I30: =+ROUND(H30/H26,4) -> 0.011 | J30: =+ROUND((J22*C30),0) -> 200617 | K30: =+ROUND(J30/J26,4) -> 0.0109 | L30: =+ROUND((L22*C30),0) -> 217321 | M30: =+ROUND(L30/L26,4) -> 0.0108
A31: Vacaciones 15 dias | B31: A | C31: 0.5 | D31: =+ROUND((D20*C31),0) -> 580000 | E31: =+ROUND(D31/D23,4) -> 0.0417 | F31: =+ROUND((F20*C31),0) -> 667000 | G31: =+ROUND(F31/F23,4) -> 0.0417 | H31: =+ROUND(($H$20*C31),0) -> 696000 | I31: =+ROUND(H31/H23,4) -> 0.0417 | J31: =+ROUND((J20*C31),0) -> 765600 | K31: =+ROUND(J31/J23,4) -> 0.0417 | L31: =+ROUND((L20*C31),0) -> 835200 | M31: =+ROUND(L31/L23,4) -> 0.0417
A32: Prima 30 dias | B32: C | C32: 1 | D32: =+ROUND((D22*C32),0) -> 1300606 | E32: =+ROUND(D32/D23,4) -> 0.0934 | F32: =+ROUND((F22*C32),0) -> 1474606 | G32: =+ROUND(F32/F23,4) -> 0.0921 | H32: =+ROUND((H22*$C$32),0) -> 1532606 | I32: =+ROUND(H32/H23,4) -> 0.0918 | J32: =+ROUND((J22*C32),0) -> 1671806 | K32: =+ROUND(J32/J23,4) -> 0.091 | L32: =+ROUND((L22*C32),0) -> 1811006 | M32: =+ROUND(L32/L23,4) -> 0.0903
A33: OTROS COSTOS
A34: Botas y overol | B34: 12 | C34: 0.03 | D34: =+ROUND(((D20*$C$34)*$B$34),0) -> 417600 | E34: =+ROUND(D34/D23,4) -> 0.03 | F34: =+ROUND(((D20*$C$34)*$B$34),0) -> 417600 | G34: =+ROUND(F34/F23,4) -> 0.0261 | H34: =+ROUND(((D20*$C$34)*$B$34),0) -> 417600 | I34: =+ROUND(H34/H23,4) -> 0.025 | J34: =+ROUND(((D20*$C$34)*$B$34),0) -> 417600 | K34: =+ROUND(J34/J23,4) -> 0.0227 | L34: =+ROUND(((D20*$C$34)*$B$34),0) -> 417600 | M34: =+ROUND(L34/L23,4) -> 0.0208
A35: Seguro Colectivo | B35: D | C35: 0.005 | D35: =+ROUND((D23*$C$35),0) -> 69600 | E35: =+ROUND(D35/D23,4) -> 0.005 | F35: =+ROUND((F23*$C$35),0) -> 80040 | G35: =+ROUND(F35/F23,4) -> 0.005 | H35: =+ROUND((H23*$C$35),0) -> 83520 | I35: =+ROUND(H35/H23,4) -> 0.005 | J35: =+ROUND((J23*$C$35),0) -> 91872 | K35: =+ROUND(J35/J23,4) -> 0.005 | L35: =+ROUND((L23*$C$35),0) -> 100224 | M35: =+ROUND(L35/L23,4) -> 0.005
A36: SEGURIDAD SOCIAL
A37: Pensiones | B37: D | C37: 0.12 | D37: =+ROUND((D23*$C$37),0) -> 1670400 | E37: =+ROUND(D37/D23,4) -> 0.12 | F37: =+ROUND((F23*$C$37),0) -> 1920960 | G37: =+ROUND(F37/F23,4) -> 0.12 | H37: =+ROUND((H23*$C$37),0) -> 2004480 | I37: =+ROUND(H37/H23,4) -> 0.12 | J37: =+ROUND((J23*$C$37),0) -> 2204928 | K37: =+ROUND(J37/J23,4) -> 0.12 | L37: =+ROUND((L23*$C$37),0) -> 2405376 | M37: =+ROUND(L37/L23,4) -> 0.12
A38: Medicina familiar | B38: D | C38: 0.085 | D38: =+ROUND((D23*$C$38),0) -> 1183200 | E38: =+ROUND(D38/D23,4) -> 0.085 | F38: =+ROUND((F23*$C$38),0) -> 1360680 | G38: =+ROUND(F38/F23,4) -> 0.085 | H38: =+ROUND((H23*$C$38),0) -> 1419840 | I38: =+ROUND(H38/H23,4) -> 0.085 | J38: =+ROUND((J23*$C$38),0) -> 1561824 | K38: =+ROUND(J38/J23,4) -> 0.085 | L38: =+ROUND((L23*$C$38),0) -> 1703808 | M38: =+ROUND(L38/L23,4) -> 0.085
A39: Riesgos profesionales | B39: D | C39: 0.0696 | D39: =+ROUND((D23*$C$39),0) -> 968832 | E39: =+ROUND(D39/D23,4) -> 0.0696 | F39: =+ROUND((F23*$C$39),0) -> 1114157 | G39: =+ROUND(F39/F23,4) -> 0.0696 | H39: =+ROUND((H23*$C$39),0) -> 1162598 | I39: =+ROUND(H39/H23,4) -> 0.0696 | J39: =+ROUND((J23*$C$39),0) -> 1278858 | K39: =+ROUND(J39/J23,4) -> 0.0696 | L39: =+ROUND((L23*$C$39),0) -> 1395118 | M39: =+ROUND(L39/L23,4) -> 0.0696
A40: APORTES SENA
A41: Aporte ordinario | B41: D | C41: 0.02 | D41: =+ROUND((D23*$C$41),0) -> 278400 | E41: =+ROUND(D41/D23,4) -> 0.02 | F41: =+ROUND((F23*$C$41),0) -> 320160 | G41: =+ROUND(F41/F23,4) -> 0.02 | H41: =+ROUND((H23*$C$41),0) -> 334080 | I41: =+ROUND(H41/H23,4) -> 0.02 | J41: =+ROUND((J23*$C$41),0) -> 367488 | K41: =+ROUND(J41/J23,4) -> 0.02 | L41: =+ROUND((L23*$C$41),0) -> 400896 | M41: =+ROUND(L41/L23,4) -> 0.02
A42: F.I.C. | B42: D | C42: 0.025 | D42: =+ROUND($D$20*0.3,0) -> 348000 | E42: =+ROUND(D42/D23,4) -> 0.025 | F42: =+ROUND($D$20*0.3,0) -> 348000 | G42: =+ROUND(F42/F23,4) -> 0.0217 | H42: =+ROUND($D$20*0.3,0) -> 348000 | I42: =+ROUND(H42/H23,4) -> 0.0208 | J42: =+ROUND($D$20*0.3,0) -> 348000 | K42: =+ROUND(J42/J23,4) -> 0.0189 | L42: =+ROUND($D$20*0.3,0) -> 348000 | M42: =+ROUND(L42/L23,4) -> 0.0174
A43: OTROS APORTES
A44: I.C.B.F. | B44: D | C44: 0.03 | D44: =+ROUND((D23*$C$44),0) -> 417600 | E44: =+ROUND(D44/D23,4) -> 0.03 | F44: =+ROUND((F23*$C$44),0) -> 480240 | G44: =+ROUND(F44/F23,4) -> 0.03 | H44: =+ROUND((H23*$C$44),0) -> 501120 | I44: =+ROUND(H44/H23,4) -> 0.03 | J44: =+ROUND((J23*$C$44),0) -> 551232 | K44: =+ROUND(J44/J23,4) -> 0.03 | L44: =+ROUND((L23*$C$44),0) -> 601344 | M44: =+ROUND(L44/L23,4) -> 0.03
A45: Subsidio familiar | B45: D | C45: 0.04 | D45: =+ROUND((D23*$C$45),0) -> 556800 | E45: =+ROUND(D45/D23,4) -> 0.04 | F45: =+ROUND((F23*$C$45),0) -> 640320 | G45: =+ROUND(F45/F23,4) -> 0.04 | H45: =+ROUND((H23*$C$45),0) -> 668160 | I45: =+ROUND(H45/H23,4) -> 0.04 | J45: =+ROUND((J23*$C$45),0) -> 734976 | K45: =+ROUND(J45/J23,4) -> 0.04 | L45: =+ROUND((L23*$C$45),0) -> 801792 | M45: =+ROUND(L45/L23,4) -> 0.04
A46: VALOR REAL DEL SALARIO | D46: =SUM(D26:D45) -> 24784686 | E46: =SUM(E27:E45) -> 0.7805 | F46: =SUM(F26:F45) -> 28100291 | G46: =SUM(G27:G45) -> 0.7554 | H46: =SUM(H26:H45) -> 29205492 | I46: =SUM(I27:I45) -> 0.7485 | J46: =SUM(J26:J45) -> 31857976 | K46: =SUM(K27:K45) -> 0.7338 | L46: =SUM(L26:L45) -> 34510460 | M46: =SUM(M27:M45) -> 0.7216
B51: BASE DE DATOS | M51: Pagina 2-3
A56: FACTOR PRESTACIONAL
A58: Descripción | C58: Año 2022 | D58: Año 2023 | F58: SUBSIDIO TRANSPORTE | H58: MENSUAL | I58: =+D60 -> 140606 | J58: ANUAL | K58: =+ROUND(I58/30*(365-17-3),0) -> 1616969 | L58: DIARIO | M58: =+K58/365 -> 4430.0521
A59: Salario Minimo | C59: 1000000 | D59: 1160000
A60: Subsidio de transporte | C60: 117172 | D60: 140606
A61: Hora Diurna | C61: =33333/8 -> 4166.625 | D61: =38667/8 -> 4833.375
A62: Hora Nocturna | C62: =+C61*1.35 -> 5624.9438 | D62: =+D61*1.35 -> 6525.0563
A63: Hora extra diurna | C63: 5208 | D63: 6042
A64: Hora extra nocturna | C64: 7292 | D64: 8458
A65: Hora extra festiva diurna | C65: 10417 | D65: 12875
A66: Hora extra festiva nocturna | C66: 9375 | D66: 10875
A68: SALARIO MINIMO | D68: 1.5 | F68: 1.8 | H68: 2.42 | J68: 2.53 | L68: 3.2
D69: VALOR | E69: REF | F69: VALOR | G69: REF | H69: VALOR | I69: REF | J69: VALOR | K69: REF | L69: VALOR | M69: REF
A70: MENSUAL | D70: =+D59*D68 -> 1740000 | E70: A | F70: =+ROUND(D59*F68,0) -> 2088000 | G70: A | H70: =+ROUND(D59*H68,0) -> 2807200 | I70: A | J70: =+ROUND(D59*J68,0) -> 2934800 | K70: A | L70: =+ROUND(D59*L68,0) -> 3712000 | M70: A
A71: SUBSIDIO TRANSPORTE | D71: =+D60 -> 140606 | E71: B | F71: =+D71 -> 140606 | G71: B | H71: 0 | I71: B | J71: =+H71 -> 0 | K71: B | L71: =+J71 -> 0 | M71: B
A72: TOTAL MENSUAL | D72: =SUM(D70:D71) -> 1880606 | E72: C | F72: =SUM(F70:F71) -> 2228606 | G72: C | H72: =SUM(H70:H71) -> 2807200 | I72: C | J72: =SUM(J70:J71) -> 2934800 | K72: C | L72: =SUM(L70:L71) -> 3712000 | M72: C
A73: ANUAL | D73: =+ROUND(D70/30*360,0) -> 20880000 | E73: D | F73: =+ROUND(F70/30*360,0) -> 25056000 | G73: D | H73: =+ROUND(H70/30*360,0) -> 33686400 | I73: D | J73: =+ROUND(J70/30*360,0) -> 35217600 | K73: D | L73: =+ROUND(L70/30*360,0) -> 44544000 | M73: D
A74: ANUAL+SUBSIDIO TRANSP. | D74: =+D73+K58 -> 22496969 | E74: E | F74: =+F73+K58 -> 26672969 | G74: E | H74: =+H73+H71 -> 33686400 | I74: E | J74: =+J73+J71 -> 35217600 | K74: E | L74: =+L73+L71 -> 44544000 | M74: E
A75: CONCEPTO | B75: BASE | C75: FACTOR | D75: VALOR | E75: % | F75: VALOR | G75: % | H75: VALOR | I75: % | J75: VALOR | K75: % | L75: VALOR | M75: %
A76: Salario anual (365 Dias) | D76: =+D73 -> 20880000 | E76: =+ROUND(D73/D76,4) -> 1 | F76: =+F73 -> 25056000 | G76: =+ROUND(F73/F76,4) -> 1 | H76: =+H73 -> 33686400 | I76: =+ROUND(H73/H76,4) -> 1 | J76: =+J73 -> 35217600 | K76: =+ROUND(J73/J76,4) -> 1 | L76: =+L73 -> 44544000 | M76: =+ROUND(L73/L76,4) -> 1
A77: Subsidio de transporte | D77: =+K58 -> 1616969 | E77: =+ROUND(D77/D73,4) -> 0.0774 | F77: =+K58 -> 1616969 | G77: =+ROUND(F77/F73,4) -> 0.0645 | H77: =+H71 -> 0 | I77: =+ROUND(H77/H73,4) -> 0 | J77: =+J71 -> 0 | K77: =+ROUND(J77/J73,4) -> 0 | L77: =+L71 -> 0 | M77: =+ROUND(L77/L73,4) -> 0
A78: PRESTACIONES
A79: Cesantia anual | B79: E | C79: 1 | D79: =+ROUND((D72*C79),0) -> 1880606 | E79: =+ROUND(D79/D73,4) -> 0.0901 | F79: =+ROUND((F72*C79),0) -> 2228606 | G79: =+ROUND(F79/F73,4) -> 0.0889 | H79: =+ROUND((H72*$C$29),0) -> 2807200 | I79: =+ROUND(H79/H73,4) -> 0.0833 | J79: =+ROUND((J72*C79),0) -> 2934800 | K79: =+ROUND(J79/J73,4) -> 0.0833 | L79: =+ROUND((L72*C79),0) -> 3712000 | M79: =+ROUND(L79/L73,4) -> 0.0833
A80: intereses cesantias | B80: Cesan | C80: 0.12 | D80: =+ROUND((D72*C80),0) -> 225673 | E80: =+ROUND(D80/D76,4) -> 0.0108 | F80: =+ROUND((F72*C80),0) -> 267433 | G80: =+ROUND(F80/F76,4) -> 0.0107 | H80: =+ROUND((H72*$C$30),0) -> 336864 | I80: =+ROUND(H80/H76,4) -> 0.01 | J80: =+ROUND((J72*C80),0) -> 352176 | K80: =+ROUND(J80/J76,4) -> 0.01 | L80: =+ROUND((L72*C80),0) -> 445440 | M80: =+ROUND(L80/L76,4) -> 0.01
A81: Vacaciones 15 dias | B81: A | C81: 0.5 | D81: =+ROUND((D70*C81),0) -> 870000 | E81: =+ROUND(D81/D73,4) -> 0.0417 | F81: =+ROUND((F70*C81),0) -> 1044000 | G81: =+ROUND(F81/F73,4) -> 0.0417 | H81: =+ROUND(($H$72*C81),0) -> 1403600 | I81: =+ROUND(H81/H73,4) -> 0.0417 | J81: =+ROUND((J72*C81),0) -> 1467400 | K81: =+ROUND(J81/J73,4) -> 0.0417 | L81: =+ROUND((L72*C81),0) -> 1856000 | M81: =+ROUND(L81/L73,4) -> 0.0417
A82: Prima 30 dias | B82: C | C82: 1 | D82: =+ROUND((D72*C82),0) -> 1880606 | E82: =+ROUND(D82/D73,4) -> 0.0901 | F82: =+ROUND((F72*C82),0) -> 2228606 | G82: =+ROUND(F82/F73,4) -> 0.0889 | H82: =+ROUND((H72*$C$32),0) -> 2807200 | I82: =+ROUND(H82/H73,4) -> 0.0833 | J82: =+ROUND((J72*C82),0) -> 2934800 | K82: =+ROUND(J82/J73,4) -> 0.0833 | L82: =+ROUND((L72*C82),0) -> 3712000 | M82: =+ROUND(L82/L73,4) -> 0.0833
A83: OTROS COSTOS
A84: Botas y overol | B84: 12 | C84: 0.03 | D84: =+ROUND(((D20*$C$84)*$B$84),0) -> 417600 | E84: =+ROUND(D84/D73,4) -> 0.02 | F84: =+ROUND((($D$20*$C$84)*$B$84),0) -> 417600 | G84: =+ROUND(F84/F73,4) -> 0.0167 | H84: =+ROUND((($D$20*$C$84)*$B$84),0) -> 417600 | I84: =+ROUND(H84/H73,4) -> 0.0124 | J84: =+ROUND((($D$20*$C$84)*$B$84),0) -> 417600 | K84: =+ROUND(J84/J73,4) -> 0.0119 | L84: =+ROUND((($D$20*$C$84)*$B$84),0) -> 417600 | M84: =+ROUND(L84/L73,4) -> 0.0094
A85: Seguro Colectivo | B85: D | C85: 0.005 | D85: =+ROUND((D73*$C$35),0) -> 104400 | E85: =+ROUND(D85/D73,4) -> 0.005 | F85: =+ROUND((F73*$C$35),0) -> 125280 | G85: =+ROUND(F85/F73,4) -> 0.005 | H85: =+ROUND((H73*$C$35),0) -> 168432 | I85: =+ROUND(H85/H73,4) -> 0.005 | J85: =+ROUND((J73*$C$35),0) -> 176088 | K85: =+ROUND(J85/J73,4) -> 0.005 | L85: =+ROUND((L73*$C$35),0) -> 222720 | M85: =+ROUND(L85/L73,4) -> 0.005
A86: SEGURIDAD SOCIAL
A87: Pensiones | B87: D | C87: 0.12 | D87: =+ROUND((D73*$C$37),0) -> 2505600 | E87: =+ROUND(D87/D73,4) -> 0.12 | F87: =+ROUND((F73*$C$37),0) -> 3006720 | G87: =+ROUND(F87/F73,4) -> 0.12 | H87: =+ROUND((H73*$C$37),0) -> 4042368 | I87: =+ROUND(H87/H73,4) -> 0.12 | J87: =+ROUND((J73*$C$37),0) -> 4226112 | K87: =+ROUND(J87/J73,4) -> 0.12 | L87: =+ROUND((L73*$C$37),0) -> 5345280 | M87: =+ROUND(L87/L73,4) -> 0.12
A88: Medicina familiar | B88: D | C88: 0.085 | D88: =+ROUND((D73*$C$38),0) -> 1774800 | E88: =+ROUND(D88/D73,4) -> 0.085 | F88: =+ROUND((F73*$C$38),0) -> 2129760 | G88: =+ROUND(F88/F73,4) -> 0.085 | H88: =+ROUND((H73*$C$38),0) -> 2863344 | I88: =+ROUND(H88/H73,4) -> 0.085 | J88: =+ROUND((J73*$C$38),0) -> 2993496 | K88: =+ROUND(J88/J73,4) -> 0.085 | L88: =+ROUND((L73*$C$38),0) -> 3786240 | M88: =+ROUND(L88/L73,4) -> 0.085
A89: Riesgos profesionales | B89: D | C89: 0.0696 | D89: =+ROUND((D73*$C$39),0) -> 1453248 | E89: =+ROUND(D89/D73,4) -> 0.0696 | F89: =+ROUND((F73*$C$39),0) -> 1743898 | G89: =+ROUND(F89/F73,4) -> 0.0696 | H89: =+ROUND((H73*$C$39),0) -> 2344573 | I89: =+ROUND(H89/H73,4) -> 0.0696 | J89: =+ROUND((J73*$C$39),0) -> 2451145 | K89: =+ROUND(J89/J73,4) -> 0.0696 | L89: =+ROUND((L73*$C$39),0) -> 3100262 | M89: =+ROUND(L89/L73,4) -> 0.0696
A90: APORTES SENA
A91: Aporte ordinario | B91: D | C91: 0.02 | D91: =+ROUND((D73*$C$41),0) -> 417600 | E91: =+ROUND(D91/D73,4) -> 0.02 | F91: =+ROUND((F73*$C$41),0) -> 501120 | G91: =+ROUND(F91/F73,4) -> 0.02 | H91: =+ROUND((H73*$C$41),0) -> 673728 | I91: =+ROUND(H91/H73,4) -> 0.02 | J91: =+ROUND((J73*$C$41),0) -> 704352 | K91: =+ROUND(J91/J73,4) -> 0.02 | L91: =+ROUND((L73*$C$41),0) -> 890880 | M91: =+ROUND(L91/L73,4) -> 0.02
A92: F.I.C. | B92: D | C92: 0.025 | D92: =+ROUND($D$20*0.3,0) -> 348000 | E92: =+ROUND(D92/D73,4) -> 0.0167 | F92: =+ROUND($D$20*0.3,0) -> 348000 | G92: =+ROUND(F92/F73,4) -> 0.0139 | H92: =+ROUND($D$20*0.3,0) -> 348000 | I92: =+ROUND(H92/H73,4) -> 0.0103 | J92: =+ROUND($D$20*0.3,0) -> 348000 | K92: =+ROUND(J92/J73,4) -> 0.0099 | L92: =+ROUND($D$20*0.3,0) -> 348000 | M92: =+ROUND(L92/L73,4) -> 0.0078
A93: OTROS APORTES
A94: I.C.B.F. | B94: D | C94: 0.03 | D94: =+ROUND((D73*$C$44),0) -> 626400 | E94: =+ROUND(D94/D73,4) -> 0.03 | F94: =+ROUND((F73*$C$44),0) -> 751680 | G94: =+ROUND(F94/F73,4) -> 0.03 | H94: =+ROUND((H73*$C$44),0) -> 1010592 | I94: =+ROUND(H94/H73,4) -> 0.03 | J94: =+ROUND((J73*$C$44),0) -> 1056528 | K94: =+ROUND(J94/J73,4) -> 0.03 | L94: =+ROUND((L73*$C$44),0) -> 1336320 | M94: =+ROUND(L94/L73,4) -> 0.03
A95: Subsidio familiar | B95: D | C95: 0.04 | D95: =+ROUND((D73*$C$45),0) -> 835200 | E95: =+ROUND(D95/D73,4) -> 0.04 | F95: =+ROUND((F73*$C$45),0) -> 1002240 | G95: =+ROUND(F95/F73,4) -> 0.04 | H95: =+ROUND((H73*$C$45),0) -> 1347456 | I95: =+ROUND(H95/H73,4) -> 0.04 | J95: =+ROUND((J73*$C$45),0) -> 1408704 | K95: =+ROUND(J95/J73,4) -> 0.04 | L95: =+ROUND((L73*$C$45),0) -> 1781760 | M95: =+ROUND(L95/L73,4) -> 0.04
A96: VALOR REAL DEL SALARIO | D96: =SUM(D76:D95) -> 35836702 | E96: =SUM(E77:E95) -> 0.7164 | F96: =SUM(F76:F95) -> 42467912 | G96: =SUM(G77:G95) -> 0.6949 | H96: =SUM(H76:H95) -> 54257357 | I96: =SUM(I77:I95) -> 0.6106 | J96: =SUM(J76:J95) -> 56688801 | K96: =SUM(K77:K95) -> 0.6097 | L96: =SUM(L76:L95) -> 71498502 | M96: =SUM(M77:M95) -> 0.6051
B101: BASE DE DATOS | M101: Pagina 2-3
A106: FACTOR PRESTACIONAL
A108: Descripción | C108: Año 2022 | D108: Año 2023 | F108: SUBSIDIO TRANSPORTE | H108: MENSUAL | I108: =+D110 -> 140606 | J108: ANUAL | K108: =+ROUND(I108/30*(365-17-3),0) -> 1616969 | L108: DIARIO | M108: =+K108/365 -> 4430.0521
A109: Salario Minimo | C109: 1000000 | D109: 1160000
A110: Subsidio de transporte | C110: 117172 | D110: 140606
A111: Hora Diurna | C111: =33333/8 -> 4166.625 | D111: =38667/8 -> 4833.375
A112: Hora Nocturna | C112: =+C111*1.35 -> 5624.9438 | D112: =+D111*1.35 -> 6525.0563
A113: Hora extra diurna | C113: 5208 | D113: 6042
A114: Hora extra nocturna | C114: 7292 | D114: 8458
A115: Hora extra festiva diurna | C115: 10417 | D115: 12875
A116: Hora extra festiva nocturna | C116: 9375 | D116: 10875
A118: SALARIO MINIMO | D118: 3.5 | F118: 4 | H118: 4.5 | J118: 5 | L118: 5.5
D119: VALOR | E119: REF
A120: MENSUAL | D120: =+D109*D118 -> 4060000 | E120: A | F120: =+D109*F118 -> 4640000 | G120: A | H120: =+D109*H118 -> 5220000 | I120: A | J120: =+D109*J118 -> 5800000 | K120: A | L120: =+D109*L118 -> 6380000 | M120: A
A121: SUBSIDIO TRANSPORTE | D121: 0 | E121: B | F121: 0 | G121: B | H121: 0 | I121: B | J121: 0 | K121: B | L121: 0 | M121: B
A122: TOTAL MENSUAL | D122: =SUM(D120:D121) -> 4060000 | E122: C | F122: =SUM(F120:F121) -> 4640000 | G122: C | H122: =SUM(H120:H121) -> 5220000 | I122: C | J122: =SUM(J120:J121) -> 5800000 | K122: C | L122: =SUM(L120:L121) -> 6380000 | M122: C
A123: ANUAL | D123: =+ROUND(D120/30*360,0) -> 48720000 | E123: D | F123: =+ROUND(F120/30*360,0) -> 55680000 | G123: D | H123: =+ROUND(H120/30*360,0) -> 62640000 | I123: D | J123: =+ROUND(J120/30*360,0) -> 69600000 | K123: D | L123: =+ROUND(L120/30*360,0) -> 76560000 | M123: D
A124: ANUAL+SUBSIDIO TRANSP. | D124: =+D123+K108 -> 50336969 | E124: E | F124: =+F123+M108 -> 55684430 | G124: E | H124: =+H123+O108 -> 62640000 | I124: E | J124: =+J123+Q108 -> 69600000 | K124: E | L124: =+L123+S108 -> 76560000 | M124: E
A125: CONCEPTO | B125: BASE | C125: FACTOR | D125: VALOR | E125: % | F125: VALOR | G125: % | H125: VALOR | I125: % | J125: VALOR | K125: % | L125: VALOR | M125: %
A126: Salario anual (365 Dias) | D126: =+D123 -> 48720000 | E126: =+ROUND(D123/D126,4) -> 1 | F126: =+F123 -> 55680000 | G126: =+ROUND(F123/F126,4) -> 1 | H126: =+H123 -> 62640000 | I126: =+ROUND(H123/H126,4) -> 1 | J126: =+J123 -> 69600000 | K126: =+ROUND(J123/J126,4) -> 1 | L126: =+L123 -> 76560000 | M126: =+ROUND(L123/L126,4) -> 1
...

Sheet Insumos
B1: BASE DE DATOS
A3: MANO DE OBRA
A5: SALARIO MINIMO 2023 | C5: 1160000
A6: AUXILIO DE TRANSPORTE | C6: 140606
A8: CARGO | E8: JORNAL | F8: % PRESTACIONES SOCIALES | H8: JORNAL 2023
A9: TOPOGRAFO | E9: =+'Factor Prestacional'!D122/30 -> 135333.33 | F9: =+'Factor Prestacional'!E146 -> 0.6036 | H9: =+ROUND(E9*(1+F9),0) -> 217021
A10: CADENERO I | E10: =+'Factor Prestacional'!L22/30 -> 60366.867 | F10: =+'Factor Prestacional'!M46 -> 0.7216 | H10: =+ROUND(E10*(1+F10),0) -> 103928
A11: CADENERO II | E11: =+'Factor Prestacional'!J22/30 -> 55726.867 | F11: =+'Factor Prestacional'!K46 -> 0.7338 | H11: =+ROUND(E11*(1+F11),0) -> 96619
A12: OPERADOR | E12: =+'Factor Prestacional'!F72/30 -> 74286.867 | F12: =+'Factor Prestacional'!G96 -> 0.6949 | H12: =+ROUND(E12*(1+F12),0) -> 125909
A13: OFICIAL | E13: =+'Factor Prestacional'!H72/30 -> 93573.333 | F13: =+'Factor Prestacional'!I96 -> 0.6106 | H13: =+ROUND(E13*(1+F13),0) -> 150709
A14: AYUDANTE | E14: =+'Factor Prestacional'!D22/30 -> 43353.533 | F14: =+'Factor Prestacional'!E46 -> 0.7805 | H14: =+ROUND(E14*(1+F14),0) -> 77191
A15: SOLDADOR | E15: =+'Factor Prestacional'!H72/30 -> 93573.333 | F15: =+'Factor Prestacional'!I96 -> 0.6106 | H15: =+ROUND(E15*(1+F15),0) -> 150709
A16: AYUDANTE DE ORNAMENTACION | E16: =+'Factor Prestacional'!H22/30 -> 51086.867 | F16: =+'Factor Prestacional'!I46 -> 0.7485 | H16: =+ROUND(E16*(1+F16),0) -> 89325
A17: ANDAMIERO CERTIFICADO | E17: =+'Factor Prestacional'!F72/30 -> 74286.867 | F17: 0.6097 | H17: =+ROUND(E17*(1+F17),0) -> 119580
A18: INGENIERO ELECTRICO | E18: =+'Factor Prestacional'!D122/30 -> 135333.33 | F18: =+'Factor Prestacional'!E146 -> 0.6036 | H18: =+ROUND(E18*(1+F18),0) -> 217021
A19: INGENIERO QUIMICO | E19: =+'Factor Prestacional'!F122/30 -> 154666.67 | F19: =+'Factor Prestacional'!G146 -> 0.6017 | H19: =+ROUND(E19*(1+F19),0) -> 247730
A20: ELECTRICISTA | E20: =+'Factor Prestacional'!J72/30 -> 97826.667 | F20: =+'Factor Prestacional'!K96 -> 0.6097 | H20: =+ROUND(E20*(1+F20),0) -> 157472
A21: INGENIERO AMBIENTAL | E21: =+'Factor Prestacional'!D122/30 -> 135333.33 | F21: =+'Factor Prestacional'!E146 -> 0.6036 | H21: =+ROUND(E21*(1+F21),0) -> 217021
A22: ADMINISTRADOR ESPECIALISTA EN GERENCIA PUBLICA | E22: =+'Factor Prestacional'!F122/30 -> 154666.67 | F22: =+'Factor Prestacional'!I146 -> 0.6002 | H22: =+ROUND(E22*(1+F22),0) -> 247498
A23: GEOLOGO | E23: =+'Factor Prestacional'!D122/30 -> 135333.33 | F23: =+'Factor Prestacional'!E146 -> 0.6036 | H23: =+ROUND(E23*(1+F23),0) -> 217021
A24: FONTANERO | E24: =+'Factor Prestacional'!L22/30 -> 60366.867 | F24: =+'Factor Prestacional'!M46 -> 0.7216 | H24: =+ROUND(E24*(1+F24),0) -> 103928
A26: EQUIPOS Y HERRAMIENTAS
A27: ITEM | B27: DESCRIPCION | G27: UNIDAD | H27: TARIFA 2023
A28: 1 | B28: ALAMBRE NEGRO | G28: KG | H28: 6900
A29: 2 | B29: ACERO DE REFUERZO 60000 PSI | G29: KG | H29: 5333
A30: 3 | B30: ARENA | G30: M3 | H30: 35000
A31: 4 | B31: ARENA DE PEGA | G31: M3 | H31: 42500
A32: 5 | B32: ACEITE 1/4 | G32: TARRO | H32: 20651
A33: 6 | B33: ANTICORROSIVO | G33: GALON | H33: 65000
A34: 7 | B34: ANDAMIO TUBULAR | G34: DIA | H34: 1264
A35: 8 | B35: ANGULO DE 2X2X3/16 | G35: MTS | H35: 21000
A36: 9 | B36: ANGULO DE 3/4X3/4X1/8 | G36: MTS | H36: 4333
A37: 10 | B37: ADAPTADOR MACHO DE 3" | G37: UND | H37: 28314
A38: 11 | B38: ADAPTADOR HEMBRA DE 3" | G38: UND | H38: 35394
A39: 12 | B39: BASES Y PINTURAS | G39: UND | H39: 500786
... A54: 27 | B54: CODO LISO DE 45º DE 2" | G54: UND | H54: 19748
A55: EQUIPOS Y HERRAMIENTAS
A56: ITEM | B56: DESCRIPCION | G56: UNIDAD | H56: TARIFA 2023
A57: 28 | B57: CODO LISO DE 45º DE 3" | G57: UND | H57: 63580
A58: 29 | B58: DISOLVENTE | G58: LTS | H58: 15000
A59: 30 | B59: DISCOS PARA METAL DE 4" | G59: UND | H59: 5000
A60: 31 | B60: DISCOS PARA METAL DE 7" | G60: UND | H60: 7400
A61: 32 | B61: ESTACAS 2"X2"X0.50M | G61: UND | H61: 15146
A62: 33 | B62: EQUIPO DE TOPOGRAFIA | G62: DIA | H62: 164357
A63: 34 | B63: EQUIPO DE COMPUTO | G63: DIA | H63: 32872
A64: 35 | B64: EQUIPO DE SOLDADURA | G64: DIA | H64: 58340
A65: 36 | B65: EQUIPO PARA REGISTRO ELECTRICO | G65: DIA | H65: 3104063
A66: 37 | B66: EQUIPO PARA PRUEBA DE BOMBEO | G66: DIA | H66: 1276450
A67: 38 | B67: EQUIPO DE PINTURA DE ALTA PRESION | G67: DIA | H67: 335290
A68: 39 | B68: EQUIPO MECANICO DE PERFORACION | G68: DIA | H68: 2738572
... A81: 52 | B81: SOLDADURA PVC 1/4 | G81: GALON | H81: 166555
A82: 53 | B82: LIMPIADOR PVC 1/4 | G82: GALON | H82: =59921*1.25 -> 74901.25
A83: 54 | B83: MATERIAL SELECCIONADO | G83: M3 | H83: 40000
A84: 55 | B84: MALLA ELECTROSADA CALIBRE 5MM | G84: M2 | H84: 13262
A85: 56 | B85: NIVEL DE TOPOGRAFIA | G85: DIA | H85: 38503
A86: 57 | B86: RETROEXCAVADORA | G86: DIA | H86: 1665715
A87: 58 | B87: PAPEL PARA PLOTTER | G87: ROLLO | H87: 48530
A88: 59 | B88: PLASTOCRETE DM EMPAQUE 4.5KG | G88: UND | H88: 122888
A89: 60 | B89: PLATINA 1X3/16 | G89: ML | H89: 5684
A90: 61 | B90: PINTURA PLATE | G90: GALON | H90: 92000
A91: 62 | B91: PINTURA EPOXICA | G91: GALON | H91: 220000
A92: 63 | B92: PUNTILLAS DE 2 1/2" | G92: CAJA | H92: 8000
A93: 64 | B93: PUNTILLAS DE 3" | G93: CAJA | H93: 8000
A94: 65 | B94: PULIDORA | G94: DIA | H94: 48618
A95: 66 | B95: PRODUCCION DE MORTERO 1:3 IMPERMEABILZIADO | G95: M3
A96: 67 | B96: PLOTTER | G96: DIA | H96: 209577
A97: 68 | B97: ROLO DE MANGUERA PF DE 1/2" | G97: MTS | H97: 3112
A98: 69 | B98: ROLO DE MANGUERA PF DE 3/4" | G98: MTS | H98: 6115
A99: 70 | B99: SOLDADURA 60/13 | G99: KG | H99: 20500
A100: 71 | B100: SIKA 1 (2.5KG) | G100: UND | H100: 130846
A101: 75 | B101: TRANSPORTE (Viaje) | G101: UND | H101: 4537314
A102: 76 | B102: TRITURADO | G102: M3 | H102: 110000
A103: 77 | B103: TRITURADO DE 2" | G103: M3 | H103: 190000
A104: 78 | B104: TROMPO CAPACIDAD BULTO Y MEDIO | G104: DIA | H104: 112791
A105: 79 | B105: TAPON PVC DE 2" | G105: UND | H105: 9346
A106: 80 | B106: TAPON PVC DE 3" | G106: UND | H106: 35758
A107: 81 | B107: TEE PVC DE 3" | G107: UND | H107: 86896
A108: EQUIPOS Y HERRAMIENTAS
A109: ITEM | B109: DESCRIPCION | G109: UNIDAD | H109: TARIFA 2023
A110: 82 | B110: TEE PVC DE 2" | G110: UND | H110: 23031
A111: 83 | B111: TEE PVC DE 4" | G111: UND | H111: 189628
A112: 84 | B112: TINTAS | G112: UND | H112: 80857
A113: 85 | B113: TUBERIA UP RDE 21 DE 8" | G113: ML | H113: 233614
A114: 86 | B114: TUBERIA UP RANURADA RDE 21 DE 8" | G114: ML | H114: 268656
A115: 87 | B115: TUBERIA PVC UM RDE 21 DE 4" | G115: ML | H115: 101324
A116: 88 | B116: TUBERIA PVC UM RDE 21 DE 3" | G116: ML | H116: 59540
A117: 89 | B117: TUBERIA PVC UM RDE 21 DE 2" | G117: ML | H117: 26466
A118: 90 | B118: TUBERIA NOVAFORT DE 6" | G118: ML | H118: 53335
A119: 91 | B119: TUBERIA PVC UP RDE 21 DE 8" | G119: ML | H119: 233614
A120: 92 | B120: TUBERIA PVC RANURADA RDE 21 DE 8" | G120: ML | H120: 283576
A121: 93 | B121: TUBERIA GALVANIZADA DE 1/2" CALIBRE 16 | G121: MTS | H121: 6667
... A131: 103 | B131: VOLQUETA (CAPACIDAD 6M3) | G131: DIA | H131: 560203
